 Dungeon Crawl Stone Soup version 0.14.0-17-gc0b17a5 (webtiles) character file.

3616 HungrySpirit the Cleaver (level 9, -8/81 HPs)
             Began as a Minotaur Gladiator on Apr 18, 2014.
             Was an Initiate of Okawaru.
             Mangled by a tentacled starspawn (29 damage)
             ... on Level 1 of the Abyss.
             The game lasted 00:14:32 (7752 turns).

HungrySpirit the Cleaver (Minotaur Gladiator)       Turns: 7752, Time: 00:14:32

HP  -8/81        AC 16     Str 23      XL: 9   Next: 62%
MP   4/4         EV  6     Int  5      God: Okawaru [......]
Gold 466         SH  0     Dex 11      Spells:  0 memorised,  8 levels left

rFire  . . .     SeeInvis .     U - +3,+1 war axe (flame)
rCold  + . .     Clarity  .     m - +1 plate armour
rNeg   . . .     Conserve .     (no shield)
rPois  .         rCorr    .     c - +0 hat
rElec  .         rRot     .     (no cloak)
SustAb + .       Spirit   .     b - +0 pair of gloves
rMut   +         Warding  .     l - +1 pair of boots
Saprov . . .     Stasis   .     L - amulet of resist mutation
MR     .....                    F - ring of sustain abilities
                                u - ring of protection from cold

@: not resistant to hostile enchantments, extremely unstealthy
A: retaliatory headbutt, horns 2
a: Renounce Religion


You were on level 1 of the Abyss.
You worshipped Okawaru.
Okawaru was noncommittal.
You were not hungry.

You visited 2 branches of the dungeon, and saw 9 of its levels.
You visited the Abyss 1 time.
You also visited: Sewer and Ossuary.

You collected 502 gold pieces.
You spent 36 gold pieces at shops.

Inventory:

Hand weapons
 N - a +2,+0 hand axe of flaming
 U - a +3,+1 war axe of flaming (weapon)
Missiles
 d - 5 throwing nets (quivered)
Armour
 b - a +0 pair of gloves (worn)
 c - a +0 hat (worn)
 l - a +1 pair of boots (worn)
 m - a +1 plate armour (worn)
Magical devices
 z - a wand of fire (4) {unknown}
Comestibles
 f - 4 bread rations
 k - a rotting chunk of worker ant flesh
 r - 7 strawberries
 s - 2 pears
 v - 2 apricots
 A - a meat ration
 O - an apple
 T - a choko
Scrolls
 a - 2 scrolls of identify
 g - 5 scrolls of remove curse
 n - a scroll of immolation {unknown}
 p - 3 scrolls of teleportation
 q - a scroll of blinking
 t - 2 scrolls of recharging
 y - 2 scrolls of noise
 J - 2 scrolls of enchant armour
Jewellery
 u - a ring of protection from cold (left hand)
 E - a cursed ring of invisibility {unknown}
 F - a ring of sustain abilities (right hand)
 L - an amulet of resist mutation (around neck)
 P - a cursed ring of protection from magic
 R - an uncursed ring of fire
 S - an uncursed ring of ice
Potions
 e - 3 potions of heal wounds
 h - a potion of mutation {unknown}
 i - a potion of brilliance
 j - a potion of magic
 o - 3 potions of agility
 w - a potion of restore abilities
 x - a potion of invisibility
 C - 2 potions of might
 D - 4 potions of resistance
 G - 4 potions of curing
 K - a potion of haste
 M - a potion of lignification


   Skills:
 + Level 8.2 Fighting
 + Level 13.4 Axes
 - Level 2.0 Throwing
 * Level 4.1 Armour
 - Level 3.2 Dodging


You had 8 spell levels left.
You didn't know any spells.

Dungeon Overview and Level Annotations

Branches:
Dungeon (8/15)             Temple (1/1) D:4
   Lair: D:8-11

Altars:
Ashenzari
Cheibriados
Dithmenos
Elyvilon
Fedhas
Kikubaaqudgha
Makhleb
Nemelex Xobeh
Okawaru
Sif Muna
Trog
Vehumet
Xom
Yredelemnul
Zin
The Shining One

Shops:
D:6 ?

Annotations:
D:8 Erolcha


Innate Abilities, Weirdness & Mutations

You reflexively headbutt those who attack you in melee.
You have a pair of horns on your head.


Message History

You hit the tentacled starspawn. You burn the tentacled starspawn.
The tentacled starspawn is lightly damaged.
You are covered in liquid flames!
Two of your 4 scrolls of identify catch fire!
Your scroll of fog catches fire!
The tentacled starspawn bites you.
The tentacled starspawn closely misses you.
Unknown command.
You slash the tentacled starspawn! You burn the tentacled starspawn.
You headbutt the tentacled starspawn!
The tentacled starspawn is moderately damaged.
You are covered in liquid flames!
The tentacled starspawn bites you. The tentacled starspawn engulfs you!
* * * LOW HITPOINT WARNING * * *
Unknown command.
Drink which item? (? for menu, Esc to quit)
You feel much better.
You are covered in liquid flames!
* * * LOW HITPOINT WARNING * * *
The tentacled starspawn bites you!
You die...

.# ...#
#....#### #.
....#.####..#
........#
##....#
##.#.#@# ..#
...#X#...# ###
.......*.##.##
# # # .
###..##.####..
.#..# ### #
..##...#..#
#.#......#...
.# # #.(.
...#....##.#..
# .#.###.#.
.##.# . .#. #
.X# # .#. ..
.... .#.


You could see a tentacled starspawn.

Vanquished Creatures
  A flaming corpse (Abyss:1)
  A hippogriff (D:8)
  Edmund (D:6)
  2 orc warriors
  2 phantoms
  5 ogres
  2 centaurs
  Sigmund (D:3)
  An elf zombie (Ossuary)
  A big kobold (D:7)
  2 giant frogs (D:8)
  A yak skeleton (D:7)
  4 big fish
  An orc priest (D:5)
  3 hounds
  A jelly (D:5)
  9 orc wizards
  9 worker ants
  2 iguanas
  Ijyb (D:2)
  3 mummies (Ossuary)
  7 adders
  A shadow imp (D:5)
  2 giant mites (D:6)
  8 worms
  An adder skeleton (D:6)
  4 adder zombies (Ossuary)
  A giant eyeball (D:7)
  6 giant geckos
  An ooze (D:3)
  22 orcs
  13 bats
  15 goblins
  12 hobgoblins
  13 jackals
  2 quokkas
  2 ball pythons
  A giant cockroach (D:4)
  5 giant newts
  2 goblin zombies (Ossuary)
  A hobgoblin skeleton (D:5)
  4 hobgoblin zombies (Ossuary)
  A jackal skeleton (D:4)
  17 kobolds
  4 kobold zombies
  An orc skeleton (D:3)
  7 rats
  4 rat zombies (Ossuary)
  7 ballistomycetes
217 creatures vanquished.

Vanquished Creatures (others)
  3 giant spores
  A hobgoblin skeleton (D:8)
  A starspawn tentacle (Abyss:1)
5 creatures vanquished.

Grand Total: 222 creatures vanquished

Notes
Turn   | Place    | Note
--------------------------------------------------------------
     0 | D:1      | HungrySpirit, the Minotaur Gladiator, began the quest for the Orb.
     0 | D:1      | Reached XP level 1. HP: 18/18 MP: 1/1
    32 | D:1      | Found a snail-covered altar of Cheibriados.
   193 | D:1      | Reached skill level 4 in Axes
   580 | D:1      | Reached XP level 2. HP: 25/25 MP: 1/1
   703 | D:2      | Noticed Ijyb
   715 | D:2      | Killed Ijyb
   715 | D:2      | Reached skill level 5 in Axes
   715 | D:2      | Reached XP level 3. HP: 30/30 MP: 2/2
  1246 | D:2      | Found a snail-covered altar of Cheibriados.
  1303 | D:3      | Noticed Sigmund
  1314 | D:3      | Killed Sigmund
  1314 | D:3      | Reached skill level 6 in Axes
  1314 | D:3      | Reached XP level 4. HP: 19/37 MP: 2/2
  1457 | D:3      | Reached XP level 5. HP: 35/42 MP: 2/2
  1461 | D:3      | Reached skill level 7 in Axes
  1779 | D:3      | Found a glowing drain.
  1800 | Sewer    | Entered a sewer
  1931 | Sewer    | Reached skill level 8 in Axes
  2238 | Sewer    | Reached XP level 6. HP: 33/50 MP: 3/3
  3358 | D:4      | Found a staircase to the Ecumenical Temple.
  3427 | D:4      | Reached skill level 9 in Axes
  3669 | D:5      | Entered Level 5 of the Dungeon
  3726 | Temple   | Entered the Ecumenical Temple
  4117 | D:5      | Reached XP level 7. HP: 38/57 MP: 3/3
  4423 | D:5      | Reached skill level 10 in Axes
  4996 | D:6      | Found an ancient bone altar of Kikubaaqudgha.
  5022 | D:6      | Found Elocaosa's Magic Scroll Shoppe.
  5030 | D:6      | Bought a scroll of teleportation for 36 gold pieces
  5232 | D:6      | Noticed Edmund
  5248 | D:6      | Killed Edmund
  5248 | D:6      | Reached skill level 5 in Fighting
  5248 | D:6      | Reached skill level 11 in Axes
  5248 | D:6      | Reached XP level 8. HP: 44/68 MP: 3/3
  5889 | D:7      | Found a bloodstained altar of Trog.
  5890 | D:7      | Found a radiant altar of Vehumet.
  5902 | D:7      | Found an ancient bone altar of Kikubaaqudgha.
  5903 | D:7      | Found a shattered altar of Ashenzari.
  5904 | D:7      | Found a shimmering altar of Xom.
  5908 | D:7      | Found a white marble altar of Elyvilon.
  6016 | D:7      | Found a glowing golden altar of the Shining One.
  6406 | D:7      | Found a sand-covered staircase.
  6421 | Ossuary  | Entered an ossuary
  6434 | Ossuary  | Reached skill level 12 in Axes
  6682 | D:7      | Found a deep blue altar of Sif Muna.
  7000 | D:8      | Found a white marble altar of Elyvilon.
  7042 | D:8      | Reached XP level 9. HP: 72/79 MP: 4/4
  7129 | D:8      | Reached skill level 13 in Axes
  7585 | D:8      | Reached skill level 1 in Armour
  7618 | D:8      | Found an iron altar of Okawaru.
  7641 | D:8      | Became a worshipper of Warmaster Okawaru
  7691 | D:8      | Noticed Erolcha
  7691 | D:8      | Cast into the Abyss (Erolcha)
  7691 | Abyss:1  | Found a corrupted altar of Lugonu.
  7691 | Abyss:1  | Found a roughly hewn altar of Beogh.
  7721 | Abyss:1  | Noticed a flaming corpse
  7735 | Abyss:1  | Noticed a tentacled starspawn
  7749 | Abyss:1  | Killed a flaming corpse
  7752 | Abyss:1  | Mangled by a tentacled starspawn

Action                   |  1- 3 |  4- 6 |  7- 9 || total
-------------------------+-------+-------+-------++-------
Melee: War axe           |    61 |   159 |   230 ||   450
       Hand axe          |       |       |    99 ||    99
Evoke: Wand              |       |       |     1 ||     1
  Use: Potion            |     1 |     3 |     3 ||     7
       Scroll            |       |       |    24 ||    24
